Map: Deathaura LE

Players

RyuKey

  • Race: Terran Terran
  • League: Diamond
  • Spawn Location: 5:00

Dav - Winner!

  • Race: Protoss Protoss
  • League: Diamond
  • Spawn Location: 11:00

VOD

Have the link to the VOD?

Description

Time

  • Played on: June 13, 2020, 4:51 a.m.
  • Length: 8:42
Show
View Real Time Build Order
Export as new Build Order

RyuKey Terran 

Build Orders: Reaper Expand 

Get SALT Encoding   

  12  0:00  SCV  
  13  0:12  SCV  
  14  0:17  Supply Depot  
  14  0:25  SCV  
  15  0:38  SCV  
  15  0:41  Barracks  
  16  0:48  Refinery  
  16  0:51  SCV  
  17  1:03  SCV  
  18  1:15  SCV  
  19  1:29  Orbital Command  
  19  1:30  Reaper  
  20  1:40  Command Center  
  20  1:50  Supply Depot  
  20  1:55  SCV  
  21  2:02  Marine  
  21  2:07  SCV  
  23  2:19  Bunker  
  23  2:20  SCV  
  24  2:22  Barracks Reactor  
  24  2:28  Factory  
  24  2:32  SCV  
  25  2:44  SCV  
  26  2:53  Supply Depot, Orbital Command  
  26  2:56  SCV  
  27  2:58  Marine  
  27  2:59  Marine  
  27  3:04  Refinery  
  29  3:08  SCV  
  29  3:09  Refinery  
  30  3:16  Marine x2  
  30  3:18  Supply Depot  
  32  3:20  SCV  
  32  3:21  SCV  
  34  3:32  SCV  
  34  3:33  SCV  
  36  3:34  Marine x2  
  36  3:35  Starport  
  36  3:40  Factory Tech Lab  
  38  3:43  Supply Depot  
  38  3:44  SCV  
  38  3:45  SCV  
  40  3:56  SCV  
  40  3:57  SCV  
  40  3:58  Marine x2  
  40  3:59  Siege Tank  
  47  4:08  SCV  
  48  4:11  SCV  
  48  4:16  Marine x2  
  51  4:20  SCV  
  51  4:22  Starport Tech Lab  
  51  4:23  SCV  
  53  4:31  Cyclone  
  53  4:33  SCV  
  53  4:37  SCV  
  58  4:42  Marine x2  
  58  4:45  SCV  
  61  4:47  Cloaking Field  
  61  4:49  SCV  
  65  4:55  Raven  
  65  4:57  SCV  
  65  5:01  SCV  
  65  5:04  Marine, Barracks, Siege Tank  
  65  5:06  Barracks  
  70  5:07  Engineering Bay  
  70  5:10  Supply Depot  
  70  5:11  Supply Depot  
  70  5:14  Marine  
  68  5:38  Orbital Command  
  67  5:46  Command Center  
  67  5:56  Bunker  
  67  6:08  SCV, Marine  
  67  6:10  Raven  
  52  6:20  SCV  
  52  6:22  Marine x3  
  52  6:25  Marine  
  51  6:34  SCV  
  52  6:40  Marine x3  
  52  6:41  Missile Turret  
  52  6:43  Marine  
  53  6:58  Marine x2  
  53  7:01  Marine x2  
  45  7:13  Hellion, Liberator  
  49  7:15  Marine  
  49  7:16  Orbital Command, Marine  
  49  7:19  Marine  
  49  7:22  Marine  
  53  7:25  SCV  
  54  7:33  Marine  
  56  7:37  SCV, Hellion  
  48  7:50  Marine x3  
  47  7:52  Marine  
  31  8:08  Marine  
  32  8:14  Orbital Command  
  31  8:22  SCV  
  32  8:40  Supply Depot x2  
Show
View Real Time Build Order
Export as new Build Order

Dav Protoss - Winner!

Build Orders: Zealot Archon, Dark Templar Rush 

Get SALT Encoding   

  12  0:02  Probe  
  13  0:14  Probe  
  13  0:19  Pylon  
  14  0:27  Probe  
  15  0:37  Probe  
  15  0:39  Gateway  
  16  0:45  Probe  
  17  0:53  Probe  
  17  0:54  Assimilator  
  18  1:05  Probe  
  18  1:09  Assimilator  
  19  1:17  Probe  
  20  1:28  Assimilator  
  20  1:29  Probe  
  21  1:36  Cybernetics Core  
  21  1:49  Pylon  
  21  1:50  Probe  
  22  2:02  Probe  
  22  2:03  Adept  
  22  2:05  Forge  
  25  2:18  Twilight Council  
  25  2:27  Warp Gate  
  25  2:41  Photon Cannon  
  25  2:48  Protoss Ground Weapons Level 1  
  25  2:59  Dark Shrine  
  25  3:03  Pylon  
  25  3:11  Charge  
  25  3:31  Photon Cannon  
  25  3:41  Shadow Stride  
  25  3:52  Probe, Pylon  
  24  3:58  Gateway  
  24  3:59  Gateway  
  24  4:01  Gateway  
  24  4:15  Gateway  
  24  4:17  Dark Templar  
  26  4:31  Pylon  
  26  4:51  Dark Templar  
  28  4:52  Dark Templar  
  30  5:04  Dark Templar  
  32  5:26  Zealot, Dark Templar  
  32  5:27  Zealot x2  
  40  5:39  Zealot  
  42  5:50  Dark Templar  
  42  5:56  Zealot x2  
  28  6:34  Dark Templar x2  
  28  6:35  Zealot x3  
  36  7:04  Archon  
  36  7:18  Dark Templar x2  
  36  7:19  Zealot x3  
  34  8:11  Stalker x5  
Tags
 
Add a new tag
Caveats
  • Supply blocks, unpowered buildings, or Contaminate may cause inaccurate times.
  • Supply counts are checked every 10 seconds.